[Event "POL-chT 2 Liga 2019"]
[Site "Poronin"]
[Date "2019.09.10"]
[Round "4.16"]
[White "Jaskolka, Tomasz"]
[Black "Zminda, Bogdan"]
[Result "1/2-1/2"]
[ECO "E73"]
[WhiteElo "2236"]
[BlackElo "1970"]
[Annotator "NA"]
[PlyCount "64"]
[EventDate "2019.09.07"]
[EventType "team-tourn"]
[EventCountry "POL"]
[SourceTitle "playchess.com"]
[Source "ChessBase"]
[SourceQuality "1"]
[TimeControl "40/5400+30:1800+30"]

1. d4 Nf6 2. c4 g6 3. Nc3 Bg7 4. e4 d6 5. Be2 O-O 6. Be3 e5 7. d5 Na6 8. Qd2 Ng4 9. Bxg4 Bxg4 10. f3 Bd7 11. g4 f5 12. gxf5 gxf5 13. O-O-O f4 14. Bf2 Nc5 15. h4 b6 16. h5 Bf6 17. Nge2 Kh8 18. b4 Na4 19. Rdg1 Nxc3 20. Qxc3 a5 21. b5 Qe7 22. Qe1 Rg8 23. Kd2 Rxg1 24. Qxg1 Rg8 25. Qh2 Qg7 26. h6 Qg2 27. Bh4 Bxh4 28. Qxh4 Qg5 29. Qh2 Rg6 30. Ke1 Qg2 31. Qh4 Qg5 32. Qh2 Qg2 1/2-1/2

[Event "POL-chT 2 Liga 2019"]
[Site "Poronin"]
[Date "2019.09.10"]
[Round "4.17"]
[White "Borowski, Przemyslaw"]
[Black "Pulik, Krzysztof"]
[Result "0-1"]
[ECO "D32"]
[WhiteElo "1765"]
[BlackElo "2131"]
[Annotator "NA"]
[PlyCount "58"]
[EventDate "2019.09.07"]
[EventType "team-tourn"]
[EventCountry "POL"]
[SourceTitle "playchess.com"]
[Source "ChessBase"]
[SourceQuality "1"]
[TimeControl "40/5400+30:1800+30"]

1. d4 d5 2. c4 e6 3. Nc3 c5 4. cxd5 exd5 5. e4 dxe4 6. Bc4 Nf6 7. Qb3 cxd4 8. Bxf7+ Ke7 9. Bf4 Nc6 10. Bc4 Na5 11. Qb4+ Ke8 12. Qb5+ Nc6 13. O-O-O Bd6 14. Qg5 Kf8 15. Nge2 d3 16. Ng3 Be7 17. Nf5 Bxf5 18. Qxf5 Nd4 19. Qe5 Rc8 20. Bb3 Rc5 21. Qb8 Nxb3+ 22. axb3 Qxb8 23. Bxb8 Nd5 24. Bxa7 Nxc3 25. bxc3 Rxc3+ 26. Kb2 Rc2+ 27. Kb1 Bf6 28. Be3 Kf7 29. Rd2 Ra8 0-1

[Event "POL-chT 2 Liga 2019"]
[Site "Poronin"]
[Date "2019.09.10"]
[Round "4.18"]
[White "Lukasiewicz, Anna"]
[Black "Czaplewska, Klara"]
[Result "1-0"]
[ECO "E62"]
[WhiteElo "2075"]
[BlackElo "1870"]
[Annotator "NA"]
[PlyCount "85"]
[EventDate "2019.09.07"]
[EventType "team-tourn"]
[EventCountry "POL"]
[SourceTitle "playchess.com"]
[Source "ChessBase"]
[SourceQuality "1"]
[TimeControl "40/5400+30:1800+30"]

1. c4 Nf6 2. Nc3 d6 3. g3 g6 4. Bg2 Bg7 5. Nf3 O-O 6. d4 Nc6 7. O-O e5 8. d5 Ne7 9. e4 Ne8 10. Bd2 f5 11. Qc1 fxe4 12. Nxe4 Nf5 13. c5 Ne7 14. Bg5 Bg4 15. Nfd2 Qd7 16. c6 bxc6 17. dxc6 Qe6 18. Nc3 h6 19. Bxe7 Qxe7 20. Nd5 Qf7 21. Qc4 Be6 22. Rad1 Nf6 23. Nb1 Nh7 24. h4 Kh8 25. Nbc3 Rab8 26. b3 Nf6 27. Qd3 Nxd5 28. Bxd5 Bxd5 29. Nxd5 a5 30. a3 e4 31. Qxe4 Rxb3 32. Ne7 Re8 33. Nxg6+ Kg8 34. Qg4 Rxa3 35. Rde1 Rxe1 36. Rxe1 Ra2 37. Nf4 a4 38. Qc8+ Kh7 39. Qd7 Qf6 40. Qxc7 a3 41. Qa5 Rc2 42. Qxa3 Rxc6 43. Qd3+ 1-0

[Event "POL-chT 2 Liga 2019"]
[Site "Poronin"]
[Date "2019.09.10"]
[Round "4.19"]
[White "Krzyzanowski, Marcin"]
[Black "Chojnacki, Krzysztof"]
[Result "1-0"]
[ECO "C84"]
[WhiteElo "2502"]
[BlackElo "2362"]
[Annotator "ChessBase"]
[PlyCount "85"]
[EventDate "2019.09.07"]
[EventType "team-tourn"]
[EventCountry "POL"]
[SourceTitle "playchess.com"]
[Source "ChessBase"]
[SourceQuality "1"]
[TimeControl "40/5400+30:1800+30"]

1. e4 e5 2. Nf3 Nc6 3. Bb5 a6 4. Ba4 Nf6 5. O-O Be7 6. d3 b5 7. Bb3 d6 8. a3 O-O 9. Nc3 Na5 10. Ba2 c5 11. Bg5 Be6 12. Bxf6 Bxf6 13. Nd5 Nc6 14. h3 Bg5 15. c3 Ra7 16. a4 Bh6 17. Bb3 b4 18. Nh2 Qh4 19. Ng4 Kh8 20. Nde3 Bxe3 21. Nxe3 Na5 22. Bd5 bxc3 23. bxc3 Bxd5 24. Nxd5 f5 25. exf5 Rxf5 26. Rb1 Rf8 27. Rb6 c4 28. Rxd6 Raf7 29. f4 exf4 30. Rxa6 Qd8 31. dxc4 f3 32. Ne3 Qg5 33. Rxf3 h6 34. Rxf7 Qxe3+ 35. Kh1 Rxf7 36. Rxa5 Qe4 37. Rd5 Ra7 38. a5 Qxc4 39. Qd4 Qf1+ 40. Kh2 Re7 41. c4 Qe2 42. a6 Re4 43. Qd3 1-0

[Event "POL-chT 2 Liga 2019"]
[Site "Poronin"]
[Date "2019.09.10"]
[Round "4.20"]
[White "Raczynski, Krzysztof"]
[Black "Polok, Kacper"]
[Result "0-1"]
[ECO "C06"]
[WhiteElo "2244"]
[BlackElo "2307"]
[Annotator "NA"]
[PlyCount "176"]
[EventDate "2019.09.07"]
[EventType "team-tourn"]
[EventCountry "POL"]
[SourceTitle "playchess.com"]
[Source "ChessBase"]
[SourceQuality "1"]
[TimeControl "40/5400+30:1800+30"]

1. e4 e6 2. d4 d5 3. Nd2 Nf6 4. e5 Nfd7 5. Bd3 c5 6. c3 Nc6 7. Ne2 cxd4 8. cxd4 f6 9. exf6 Nxf6 10. Nf3 Bd6 11. O-O O-O 12. Bf4 Bxf4 13. Nxf4 Ng4 14. Qc1 Qd6 15. g3 e5 16. dxe5 Ngxe5 17. Nxe5 Nxe5 18. Be2 Bf5 19. Qe3 d4 20. Qb3+ Kh8 21. Rfd1 Rad8 22. Qxb7 d3 23. Rac1 Rf7 24. Qg2 Rfd7 25. Bf3 Qb4 26. Bc6 Rd6 27. Nd5 Qe4 28. Ne3 Rxc6 29. Nxf5 Qxg2+ 30. Kxg2 Rxc1 31. Rxc1 d2 32. Rd1 Nc4 33. Ne3 Nxb2 34. Rb1 d1=Q 35. Nxd1 Nxd1 36. Rb7 Ra8 37. Rb3 Kg8 38. f4 Rc8 39. Kh3 h6 40. Rb7 a5 41. Rb5 a4 42. Ra5 Rc4 43. Kg4 Nc3 44. Kf5 Nxa2 45. g4 Nc3 46. g5 hxg5 47. fxg5 Kh7 48. Ra8 Rc5+ 49. Kg4 Kg6 50. Ra6+ Kf7 51. Ra7+ Ke6 52. h4 g6 53. Ra6+ Ke5 54. Rxg6 Rc4+ 55. Kh5 Ne4 56. Ra6 Ng3+ 57. Kg6 Rxh4 58. Ra5+ Kd6 59. Kf7 Rf4+ 60. Kg8 Kc6 61. g6 Kb6 62. Ra8 Nh5 63. Kh7 Kb5 64. Kh6 Rf5 65. Rb8+ Kc4 66. Ra8 Kb3 67. Rb8+ Ka2 68. Rb4 a3 69. Rh4 Nf6 70. Rb4 Ka1 71. g7 Ng8+ 72. Kg6 Ne7+ 73. Kh6 Rf6+ 74. Kh7 Rf2 75. Kh6 Nf5+ 76. Kh7 Nxg7 77. Kxg7 a2 78. Rb5 Rb2 79. Rf5 Kb1 80. Rf1+ Kc2 81. Rf2+ Kb3 82. Rf3+ Kb4 83. Rf4+ Ka3 84. Rf3+ Rb3 85. Rf1 Rb1 86. Rf3+ Kb4 87. Rf4+ Kc5 88. Rf5+ Kd4 0-1

[Event "POL-chT 2 Liga 2019"]
[Site "Poronin"]
[Date "2019.09.10"]
[Round "4.21"]
[White "Wieczorek, Zbigniew"]
[Black "Bardeli, Lukasz"]
[Result "1/2-1/2"]
[ECO "A11"]
[WhiteElo "2193"]
[BlackElo "2144"]
[Annotator "NA"]
[PlyCount "80"]
[EventDate "2019.09.07"]
[EventType "team-tourn"]
[EventCountry "POL"]
[SourceTitle "playchess.com"]
[Source "ChessBase"]
[SourceQuality "1"]
[TimeControl "40/5400+30:1800+30"]

1. c4 c6 2. Nf3 d5 3. e3 Nf6 4. b3 g6 5. Bb2 Bg7 6. d3 O-O 7. Nbd2 a5 8. a3 Nbd7 9. cxd5 cxd5 10. Rc1 Re8 11. Be2 e5 12. O-O Qe7 13. Rc7 Qd6 14. Rc2 Qb8 15. Qa1 Ng4 16. Rfc1 Nh6 17. Nb1 Nb6 18. Nbd2 f6 19. e4 d4 20. Nxd4 exd4 21. Bxd4 Nd7 22. Rc7 Ne5 23. f4 Nc6 24. Rxg7+ Kxg7 25. Bxf6+ Kg8 26. Rf1 Bg4 27. Nf3 Nf7 28. f5 Qa7+ 29. d4 Rxe4 30. Bc4 Bxf3 31. fxg6 hxg6 32. Rxf3 b5 33. Bd5 Nxd4 34. Bxf7+ Qxf7 35. Bxd4 Qe6 36. Bf2 Rc8 37. h3 Qe5 38. Qd1 Qe6 39. Qd3 b4 40. axb4 axb4 1/2-1/2

[Event "POL-chT 2 Liga 2019"]
[Site "Poronin"]
[Date "2019.09.10"]
[Round "4.22"]
[White "Butyrowski, Marcel"]
[Black "Szczepanek, Radoslaw"]
[Result "0-1"]
[ECO "E63"]
[WhiteElo "1873"]
[BlackElo "2195"]
[Annotator "NA"]
[PlyCount "86"]
[EventDate "2019.09.07"]
[EventType "team-tourn"]
[EventCountry "POL"]
[SourceTitle "playchess.com"]
[Source "ChessBase"]
[SourceQuality "1"]
[TimeControl "40/5400+30:1800+30"]

1. d4 Nf6 2. c4 g6 3. g3 Bg7 4. Bg2 O-O 5. Nc3 d6 6. Nf3 Nc6 7. O-O a6 8. d5 Na5 9. Nd2 c5 10. e4 Rb8 11. Qe2 b5 12. h3 Nd7 13. f4 Nxc4 14. Nxc4 bxc4 15. Be3 Qa5 16. Rab1 Nb6 17. Bd2 Bd7 18. g4 Bd4+ 19. Kh1 Na4 20. Nxa4 Qxa4 21. Bc3 Qxa2 22. Ra1 Qb3 23. Ra3 Qb6 24. g5 Bxc3 25. bxc3 a5 26. Ra2 f6 27. f5 Kg7 28. Qe3 fxg5 29. Qxg5 Rf6 30. Raf2 Rbf8 31. Qh4 a4 32. Bf3 Qb3 33. Rg2 Qxc3 34. Bh5 Be8 35. Rfg1 a3 36. Rg3 Qb2 37. e5 Qxe5 38. Rxa3 Rxf5 39. Bg4 Qxd5+ 40. Rg2 Bc6 41. Raa2 Rf1+ 42. Kh2 Qe5+ 43. Qg3 Rh1+ 0-1

[Event "POL-chT 2 Liga 2019"]
[Site "Poronin"]
[Date "2019.09.10"]
[Round "4.23"]
[White "Malinowski, Damian"]
[Black "Wojdak, Jan"]
[Result "1/2-1/2"]
[ECO "A13"]
[WhiteElo "2038"]
[BlackElo "1973"]
[Annotator "NA"]
[PlyCount "79"]
[EventDate "2019.09.07"]
[EventType "team-tourn"]
[EventCountry "POL"]
[SourceTitle "playchess.com"]
[Source "ChessBase"]
[SourceQuality "1"]
[TimeControl "40/5400+30:1800+30"]

1. c4 e6 2. Nf3 d5 3. g3 c6 4. Bg2 Nf6 5. O-O Bd6 6. d4 Nbd7 7. b3 O-O 8. Bb2 b6 9. Nbd2 Bb7 10. Rc1 c5 11. Re1 Rc8 12. Rc2 cxd4 13. Nxd4 Bc5 14. Qa1 e5 15. Nb5 a6 16. Nc3 b5 17. e3 bxc4 18. bxc4 Bb4 19. Rec1 Re8 20. Nxd5 Nxd5 21. Bxd5 Bxd5 22. cxd5 Rxc2 23. Rxc2 Qa5 24. Bc3 Bxc3 25. Qxc3 Qxd5 26. Qc6 Qd3 27. Qc4 Qxc4 28. Rxc4 Kf8 29. Rc6 Ra8 30. Kf1 Ke7 31. Ke2 Ra7 32. f3 f6 33. h4 Ra8 34. Nc4 Ra7 35. g4 Nb8 36. Rb6 Nd7 37. Rc6 Nb8 38. Rb6 Nd7 39. Rc6 Nb8 40. Rb6 1/2-1/2

[Event "POL-chT 2 Liga 2019"]
[Site "Poronin"]
[Date "2019.09.10"]
[Round "4.24"]
[White "Szelag, Zuzanna"]
[Black "Suchanek, Paulina"]
[Result "1-0"]
[ECO "C10"]
[WhiteElo "1824"]
[BlackElo "1574"]
[Annotator "NA"]
[PlyCount "95"]
[EventDate "2019.09.07"]
[EventType "team-tourn"]
[EventCountry "POL"]
[SourceTitle "playchess.com"]
[Source "ChessBase"]
[SourceQuality "1"]
[TimeControl "40/5400+30:1800+30"]

1. e4 e6 2. d4 d5 3. Nd2 dxe4 4. Nxe4 Nd7 5. Bd3 Ngf6 6. Qe2 Be7 7. Nf3 O-O 8. Bg5 h6 9. Bh4 Nxe4 10. Qxe4 g6 11. Bg3 Kg7 12. h4 Nf6 13. Be5 Bd6 14. Qf4 Bxe5 15. dxe5 Nd5 16. Qe4 Qe7 17. a3 Rh8 18. Nd4 a6 19. c4 Nb6 20. Kf1 Nd7 21. Nb3 a5 22. a4 Nc5 23. Nxc5 Qxc5 24. Rh3 Kf8 25. Rf3 Ke8 26. Qf4 Qe7 27. Qg4 h5 28. Qg3 Rg8 29. Rd1 Bd7 30. Bc2 Bc6 31. Rfd3 Qc5 32. Qf4 Qe7 33. Rd4 g5 34. Qe3 gxh4 35. Be4 Bxe4 36. Qxe4 c6 37. Rd7 Qg5 38. Rxb7 Rc8 39. Qf3 Qf5 40. Qxf5 exf5 41. Rdd7 Rg4 42. Rxf7 Rb8 43. Ra7 Rxb2 44. Rh7 Rb1+ 45. Ke2 Re4+ 46. Kd2 Rd4+ 47. Kc3 Rbd1 48. Rh8# 1-0

[Event "POL-chT 2 Liga 2019"]
[Site "Poronin"]
[Date "2019.09.10"]
[Round "4.26"]
[White "Stachowiak, Kamil"]
[Black "Pyda, Zbigniew"]
[Result "1-0"]
[ECO "D31"]
[WhiteElo "2444"]
[BlackElo "2322"]
[Annotator "NA"]
[PlyCount "81"]
[EventDate "2019.09.07"]
[EventType "team-tourn"]
[EventCountry "POL"]
[SourceTitle "playchess.com"]
[Source "ChessBase"]
[SourceQuality "1"]
[TimeControl "40/5400+30:1800+30"]

1. d4 d5 2. c4 e6 3. Nc3 Be7 4. cxd5 exd5 5. Bf4 c6 6. e3 Bf5 7. g4 Bg6 8. h4 h5 9. g5 Bd6 10. Nge2 Ne7 11. Qb3 b6 12. Bxd6 Qxd6 13. Nf4 Bf5 14. Bd3 Nd7 15. O-O-O g6 16. Kb1 O-O 17. Bxf5 Nxf5 18. Qc2 Ne7 19. Qd2 b5 20. f3 Nb6 21. e4 Nc4 22. Qc1 Rab8 23. Nd3 b4 24. Na4 b3 25. a3 Rfd8 26. Nac5 Qg3 27. Qf4 Qxf4 28. Nxf4 dxe4 29. fxe4 Rd6 30. Rd3 Na5 31. Rhd1 Rb5 32. Rc1 Rd8 33. d5 cxd5 34. Nxd5 Nxd5 35. Rxd5 Rxd5 36. exd5 Nb7 37. Ne4 Kg7 38. Nf6 Nd6 39. Rc6 Rb6 40. Rxd6 Rb5 41. Rc6 1-0

[Event "POL-chT 2 Liga 2019"]
[Site "Poronin"]
[Date "2019.09.10"]
[Round "4.27"]
[White "Polkowski, Piotr"]
[Black "Piotrowski, Przemyslaw"]
[Result "0-1"]
[ECO "B24"]
[WhiteElo "2109"]
[BlackElo "2293"]
[Annotator "NA"]
[PlyCount "72"]
[EventDate "2019.09.07"]
[EventType "team-tourn"]
[EventCountry "POL"]
[SourceTitle "playchess.com"]
[Source "ChessBase"]
[SourceQuality "1"]
[TimeControl "40/5400+30:1800+30"]

1. e4 c5 2. Nc3 Nc6 3. Bb5 e5 4. d3 g6 5. Nf3 Bg7 6. h3 Nge7 7. O-O d6 8. Bc4 O-O 9. a4 h6 10. Nh2 Kh7 11. f4 f5 12. fxe5 Nxe5 13. Ba2 Bd7 14. Be3 Bc6 15. Qd2 b6 16. Bb3 d5 17. exd5 Nxd5 18. Nxd5 Bxd5 19. Bxd5 Qxd5 20. b3 g5 21. Kh1 f4 22. Bg1 Ng6 23. Rae1 Nh4 24. Nf3 Nf5 25. Bf2 Bd4 26. c4 Qd6 27. Nxd4 cxd4 28. Qb2 Ne3 29. Bxe3 fxe3 30. Qe2 Qg3 31. Kg1 a5 32. Rxf8 Rxf8 33. Rf1 Kg7 34. Rxf8 Kxf8 35. Qc2 Qe1+ 36. Kh2 Qf2 0-1

[Event "POL-chT 2 Liga 2019"]
[Site "Poronin"]
[Date "2019.09.10"]
[Round "4.28"]
[White "Fudalej, Michal"]
[Black "Fraczek, Dariusz"]
[Result "1-0"]
[ECO "C00"]
[WhiteElo "2235"]
[BlackElo "2033"]
[Annotator "NA"]
[PlyCount "77"]
[EventDate "2019.09.07"]
[EventType "team-tourn"]
[EventCountry "POL"]
[SourceTitle "playchess.com"]
[Source "ChessBase"]
[SourceQuality "1"]
[TimeControl "40/5400+30:1800+30"]

1. e4 e6 2. d3 d5 3. Qe2 Be7 4. Nf3 Nf6 5. g3 O-O 6. Bg2 c5 7. O-O Nc6 8. e5 Nd7 9. c4 d4 10. h4 Rb8 11. Bf4 b5 12. cxb5 Rxb5 13. Na3 Rb8 14. Rfc1 Nb4 15. Ng5 Ba6 16. Be4 h6 17. Nh7 Re8 18. Nf6+ gxf6 19. Qg4+ Kh8 20. Bxh6 Rg8 21. Qh5 Rg6 22. Bf4+ Kg7 23. Bxg6 Qh8 24. exf6+ Nxf6 25. Qe2 Rc8 26. Be4 Nxe4 27. Qxe4 Nxd3 28. Rd1 Nxf4 29. Qxf4 Qh5 30. Rac1 Qd5 31. f3 Bf6 32. b3 Be2 33. Rd2 Qxf3 34. Qxf3 Bxf3 35. Rf1 Bh5 36. Rdf2 d3 37. Rxf6 d2 38. g4 d1=Q 39. Rxd1 1-0

[Event "POL-chT 2 Liga 2019"]
[Site "Poronin"]
[Date "2019.09.10"]
[Round "4.29"]
[White "Grochowski, Kosma"]
[Black "Kolasinski, Krzysztof"]
[Result "0-1"]
[ECO "B30"]
[WhiteElo "1903"]
[BlackElo "2104"]
[Annotator "NA"]
[PlyCount "78"]
[EventDate "2019.09.07"]
[EventType "team-tourn"]
[EventCountry "POL"]
[SourceTitle "playchess.com"]
[Source "ChessBase"]
[SourceQuality "1"]
[TimeControl "40/5400+30:1800+30"]

1. e4 c5 2. Nf3 Nc6 3. Bb5 Nf6 4. e5 Nd5 5. Nc3 Nc7 6. Bxc6 dxc6 7. h3 Bf5 8. O-O h6 9. Re1 Qd7 10. Ne4 Bxe4 11. Rxe4 O-O-O 12. e6 Nxe6 13. Ne5 Qd5 14. d3 Qxe4 15. Nxf7 Qf5 16. Nxh8 g5 17. Qg4 Qxg4 18. hxg4 Bg7 19. Ng6 Bf6 20. f4 Nd4 21. Bd2 Nxc2 22. Rc1 Nb4 23. Bxb4 cxb4 24. Rd1 gxf4 25. Kf2 Rg8 26. Nxf4 Rxg4 27. Kf3 Rg5 28. Rh1 Ra5 29. Rxh6 Rxa2 30. g4 Rxb2 31. Ne6 Kd7 32. Nc5+ Ke8 33. Nxb7 Rd2 34. Nc5 b3 35. Rh1 b2 36. Ke4 Rc2 37. Nb3 Rc3 38. Nd2 Rc1 39. Rh5 Rd1 0-1

[Event "POL-chT 2 Liga 2019"]
[Site "Poronin"]
[Date "2019.09.10"]
[Round "4.30"]
[White "Dmochowska, Agnieszka"]
[Black "Fraczek, Weronika"]
[Result "0-1"]
[ECO "C50"]
[WhiteElo "2110"]
[BlackElo "1875"]
[Annotator "NA"]
[PlyCount "62"]
[EventDate "2019.09.07"]
[EventType "team-tourn"]
[EventCountry "POL"]
[SourceTitle "playchess.com"]
[Source "ChessBase"]
[SourceQuality "1"]
[TimeControl "40/5400+30:1800+30"]

1. e4 e5 2. Bc4 Nc6 3. Nf3 Bc5 4. d3 Nf6 5. O-O d6 6. c3 Bg4 7. Nbd2 a6 8. h3 Bh5 9. Re1 h6 10. Nf1 g5 11. Ng3 Bg6 12. d4 Ba7 13. Bd5 exd4 14. Bxc6+ bxc6 15. e5 dxe5 16. Nxe5 O-O 17. Nxc6 Qd6 18. Ne7+ Kh7 19. Ngf5 Qd7 20. Qf3 Ng8 21. h4 Nxe7 22. Nxe7 Rae8 23. h5 Rxe7 24. hxg6+ fxg6 25. Rxe7+ Qxe7 26. Qb7 Qe1+ 27. Kh2 Bb6 28. cxd4 Qxf2 29. Qe4 Bxd4 30. Bd2 Qxd2 31. Qe7+ Bg7 0-1

[Event "POL-chT 2 Liga 2019"]
[Site "Poronin"]
[Date "2019.09.10"]
[Round "4.33"]
[White "Janaszak, Dawid"]
[Black "Adamczewski, Maciej"]
[Result "1-0"]
[ECO "E66"]
[WhiteElo "2351"]
[BlackElo "2109"]
[Annotator "NA"]
[PlyCount "83"]
[EventDate "2019.09.07"]
[EventType "team-tourn"]
[EventCountry "POL"]
[SourceTitle "playchess.com"]
[Source "ChessBase"]
[SourceQuality "1"]
[TimeControl "40/5400+30:1800+30"]

1. c4 Nf6 2. g3 g6 3. Bg2 Bg7 4. Nf3 O-O 5. O-O d6 6. Nc3 c5 7. d4 Nc6 8. d5 Na5 9. Nd2 a6 10. Rb1 Rb8 11. e4 e6 12. Qc2 b5 13. b3 Re8 14. Bb2 bxc4 15. bxc4 Ng4 16. Nd1 Bxb2 17. Rxb2 Rxb2 18. Qxb2 exd5 19. cxd5 Bd7 20. h3 Ne5 21. f4 Nec4 22. Nxc4 Nxc4 23. Qe2 Bb5 24. a4 Bxa4 25. Qxc4 Bb5 26. Qc3 Bxf1 27. Kxf1 Qb6 28. e5 Qb1 29. Ke2 Rb8 30. exd6 Rb3 31. d7 Rb8 32. Qxc5 Qb7 33. Qc6 Qb5+ 34. Qxb5 axb5 35. d6 Kg7 36. Bb7 Rd8 37. Bc8 Kf6 38. Nf2 Ke6 39. Ne4 Kd5 40. Ng5 b4 41. Nxf7 b3 42. Kd3 1-0

[Event "POL-chT 2 Liga 2019"]
[Site "Poronin"]
[Date "2019.09.10"]
[Round "4.35"]
[White "Dudzinski, Pawel"]
[Black "Hasterok, Mateusz"]
[Result "1-0"]
[ECO "B25"]
[WhiteElo "2194"]
[BlackElo "1985"]
[Annotator "NA"]
[PlyCount "85"]
[EventDate "2019.09.07"]
[EventType "team-tourn"]
[EventCountry "POL"]
[SourceTitle "playchess.com"]
[Source "ChessBase"]
[SourceQuality "1"]
[TimeControl "40/5400+30:1800+30"]

1. e4 c5 2. Nc3 Nc6 3. g3 g6 4. Bg2 Bg7 5. d3 d6 6. f4 e6 7. Nf3 Nge7 8. O-O O-O 9. h3 Rb8 10. a4 a6 11. Ne2 f5 12. Kh2 Qc7 13. c3 b5 14. axb5 axb5 15. exf5 exf5 16. d4 h6 17. Be3 Nd5 18. Bf2 c4 19. Ne5 Nde7 20. Nxc6 Nxc6 21. d5 Na5 22. Nd4 Bxd4 23. Bxd4 Bb7 24. Re1 Rbe8 25. Re6 Rxe6 26. dxe6 Bxg2 27. Kxg2 Nc6 28. Bf2 b4 29. Ra6 bxc3 30. bxc3 Rb8 31. Qf3 Ne7 32. Ra7 Qd8 33. Rd7 Qe8 34. h4 Rb2 35. Kh3 g5 36. fxg5 hxg5 37. hxg5 Ng6 38. Bd4 Ne5 39. Bxe5 dxe5 40. g6 f4 41. Qd5 Rb8 42. Qxe5 Qf8 43. Rg7+ 1-0

[Event "POL-chT 2 Liga 2019"]
[Site "Poronin"]
[Date "2019.09.10"]
[Round "4.36"]
[White "Poznanska, Katarzyna"]
[Black "Czerwinska, Milena"]
[Result "0-1"]
[ECO "B53"]
[WhiteElo "2082"]
[BlackElo "2006"]
[Annotator "NA"]
[PlyCount "120"]
[EventDate "2019.09.07"]
[EventType "team-tourn"]
[EventCountry "POL"]
[SourceTitle "playchess.com"]
[Source "ChessBase"]
[SourceQuality "1"]
[TimeControl "40/5400+30:1800+30"]

1. e4 c5 2. Nf3 d6 3. d4 cxd4 4. Qxd4 Nc6 5. Bb5 Bd7 6. Bxc6 Bxc6 7. Nc3 e6 8. Qd3 Nf6 9. Bg5 Be7 10. O-O-O O-O 11. Nd4 Qa5 12. f4 Rac8 13. h4 Rfe8 14. f5 Qe5 15. Nf3 Qa5 16. Nd4 Qe5 17. Nf3 Qa5 18. Bf4 b5 19. fxe6 fxe6 20. a3 d5 21. exd5 Bxd5 22. Nxd5 exd5 23. Be5 b4 24. Bxf6 Bxf6 25. Qxd5+ Qxd5 26. Rxd5 bxa3 27. bxa3 Rc3 28. Re1 Rxe1+ 29. Nxe1 Rxa3 30. Nf3 a5 31. c4 Rc3+ 32. Kb1 a4 33. Ra5 Rxc4 34. h5 h6 35. Ne5 Rb4+ 36. Ka2 Bxe5 37. Rxe5 Rg4 38. Re2 Rg3 39. Rf2 Kh7 40. Kb2 Rg5 41. Ka3 Rxh5 42. Kxa4 Rc5 43. Kb4 Rc1 44. Rf3 Rc2 45. Rg3 g5 46. Kb3 Rc8 47. Rd3 Kg6 48. Rd5 h5 49. Re5 h4 50. Rd5 Kh5 51. Rd4 g4 52. Rd7 Kg5 53. Rh7 Rc6 54. Rf7 Rf6 55. Rh7 Rh6 56. Rg7+ Kf4 57. Kc3 h3 58. gxh3 gxh3 59. Rf7+ Kg3 60. Kd3 h2 0-1

[Event "POL-chT 2 Liga 2019"]
[Site "Poronin"]
[Date "2019.09.10"]
[Round "4.37"]
[White "Snihur, Piotr"]
[Black "Molenda, Marcin"]
[Result "0-1"]
[ECO "D70"]
[WhiteElo "2232"]
[BlackElo "2373"]
[Annotator "NA"]
[PlyCount "78"]
[EventDate "2019.09.07"]
[EventType "team-tourn"]
[EventCountry "POL"]
[SourceTitle "playchess.com"]
[Source "ChessBase"]
[SourceQuality "1"]
[TimeControl "40/5400+30:1800+30"]

1. d4 Nf6 2. c4 g6 3. f3 d5 4. cxd5 Nxd5 5. e4 Nb6 6. Nc3 Bg7 7. Be3 O-O 8. Qd2 Nc6 9. O-O-O f5 10. e5 Nb4 11. Nh3 a5 12. Kb1 c6 13. Bh6 N4d5 14. Bxg7 Kxg7 15. Nf4 Nxf4 16. Qxf4 Be6 17. h4 Nd5 18. Qd2 a4 19. h5 Rh8 20. Bd3 Qa5 21. Rc1 Qb4 22. Rh4 Rad8 23. a3 Qb3 24. Ne2 Nb6 25. Rch1 Bc4 26. Bc2 Qa2+ 27. Kc1 Qa1+ 28. Bb1 Ba2 29. Nc3 Nc4 30. Qc2 Bb3 31. Qe2 g5 32. h6+ Kf8 33. Rh5 Rxd4 34. Rxg5 Rd2 35. Rxf5+ Ke8 36. Qxd2 Nxd2 37. Kxd2 Qxb2+ 38. Kd3 Bf7 39. Rxf7 Kxf7 0-1

[Event "POL-chT 2 Liga 2019"]
[Site "Poronin"]
[Date "2019.09.10"]
[Round "4.38"]
[White "Czerw, Dawid"]
[Black "Szadkowski, Kamil"]
[Result "1/2-1/2"]
[ECO "A57"]
[WhiteElo "2269"]
[BlackElo "2245"]
[Annotator "NA"]
[PlyCount "72"]
[EventDate "2019.09.07"]
[EventType "team-tourn"]
[EventCountry "POL"]
[SourceTitle "playchess.com"]
[Source "ChessBase"]
[SourceQuality "1"]
[TimeControl "40/5400+30:1800+30"]

1. d4 Nf6 2. c4 c5 3. d5 b5 4. cxb5 a6 5. e3 axb5 6. Bxb5 Qa5+ 7. Nc3 Bb7 8. Bd2 Qb6 9. Qf3 e6 10. e4 exd5 11. exd5 Nxd5 12. Nxd5 Qe6+ 13. Kf1 Qxd5 14. Re1+ Be7 15. a4 Na6 16. Bf4 Nb4 17. Rd1 Qxf3 18. Bxd7+ Kf8 19. Nxf3 Nd5 20. Bd2 Bf6 21. Bb5 Bxb2 22. Be3 Ba3 23. Ne5 Rd8 24. Nd7+ Ke7 25. Rd3 Bb4 26. Nxc5 Nxe3+ 27. Rxe3+ Kf6 28. Nd7+ Rxd7 29. Bxd7 Rd8 30. Bg4 Rd2 31. h4 Rb2 32. Rhh3 Ba6+ 33. Kg1 Rb1+ 34. Kh2 Bd6+ 35. Rhg3 Rb4 36. Kh3 Bxg3 1/2-1/2

[Event "POL-chT 2 Liga 2019"]
[Site "Poronin"]
[Date "2019.09.10"]
[Round "4.39"]
[White "Szadkowski, Krzysztof"]
[Black "Niedbala, Bartlomiej"]
[Result "1/2-1/2"]
[ECO "B06"]
[WhiteElo "2138"]
[BlackElo "2145"]
[Annotator "NA"]
[PlyCount "80"]
[EventDate "2019.09.07"]
[EventType "team-tourn"]
[EventCountry "POL"]
[SourceTitle "playchess.com"]
[Source "ChessBase"]
[SourceQuality "1"]
[TimeControl "40/5400+30:1800+30"]

1. e4 g6 2. d4 Bg7 3. f4 c5 4. c3 cxd4 5. cxd4 d5 6. e5 Nc6 7. Nc3 Nh6 8. Bb5 O-O 9. Nf3 Bg4 10. Bxc6 bxc6 11. O-O Nf5 12. h3 Bxf3 13. Rxf3 h5 14. g4 hxg4 15. hxg4 Nh6 16. f5 Nxg4 17. Rf1 gxf5 18. Rxf5 e6 19. Bg5 f6 20. exf6 Nxf6 21. Rf2 Qd7 22. Rg2 Rf7 23. Qe2 Nh7 24. Be3 Kh8 25. Bf2 Raf8 26. Kh1 Rf5 27. Re1 Qf7 28. Nd1 Rh5+ 29. Rh2 Rxh2+ 30. Kxh2 Ng5 31. Kg2 Ne4 32. Rh1+ Kg8 33. Rh4 Qf6 34. Rg4 Rf7 35. Bg1 Qh6 36. Be3 Qh7 37. Nc3 Nf6 38. Rg5 Ne4 39. Rg4 Nf6 40. Rg5 Ne4 1/2-1/2

[Event "POL-chT 2 Liga 2019"]
[Site "Poronin"]
[Date "2019.09.10"]
[Round "4.40"]
[White "Galuszka, Tomasz"]
[Black "Leskiewicz, Ignacy"]
[Result "1/2-1/2"]
[ECO "B50"]
[WhiteElo "2222"]
[BlackElo "2116"]
[Annotator "NA"]
[PlyCount "80"]
[EventDate "2019.09.07"]
[EventType "team-tourn"]
[EventCountry "POL"]
[SourceTitle "playchess.com"]
[Source "ChessBase"]
[SourceQuality "1"]
[TimeControl "40/5400+30:1800+30"]

1. e4 c5 2. Nf3 d6 3. Nc3 Nf6 4. g3 Nc6 5. Bg2 g6 6. d4 cxd4 7. Nxd4 Nxd4 8. Qxd4 Bg7 9. O-O O-O 10. Qd3 Be6 11. Re1 Nd7 12. Nd5 Rc8 13. c3 Re8 14. Qe2 Ne5 15. h3 Nc4 16. f4 b5 17. Qf2 a5 18. a3 Qd7 19. g4 Qb7 20. Ne3 Qb6 21. Nxc4 Qxf2+ 22. Kxf2 Bxc4 23. Bd2 e6 24. Bf1 d5 25. exd5 exd5 26. Rxe8+ Rxe8 27. Re1 Rxe1 28. Kxe1 f5 29. Bg2 Kf7 30. Be3 b4 31. axb4 axb4 32. Kd2 bxc3+ 33. bxc3 Ke6 34. g5 Bf8 35. h4 Bd6 36. Bf3 Bc7 37. h5 Bd6 38. h6 Bc7 39. Bd1 Bb5 40. Bb3 Bd6 1/2-1/2